 Dungeon Crawl Stone Soup version 0.27.0-1-g7a089689b8 (webtiles) character file.

Game seed: 12455479377953779659

1416 horus123 the Quickloader (level 9, -7/52 HPs)
             Began as a Kobold Hunter on Aug 14, 2021.
             Was an Initiate of Dithmenos.
             Mangled by an iguana (11 damage)
             ... on level 5 of the Dungeon.
             The game lasted 00:11:50 (5992 turns).

horus123 the Quickloader (Kobold Hunter)            Turns: 5992, Time: 00:11:51

Health: -7/52      AC: 10    Str:  9    XL:     9   Next: 2%
Magic:  9/9        EV: 11    Int: 13    God:    Dithmenos [......]
Gold:   219        SH:  0    Dex: 18    Spells: 8/8 levels left

rFire    . . .     SeeInvis .   l - +1 short sword (speed)
rCold    + . .     Faith    .   (shield restricted)
rNeg     . . .     Spirit   .   p - +0 scale mail
rPois    .         Reflect  .   (no helmet)
rElec    .         Harm     .   u - +0 cloak
rCorr    .         Rampage  .   t - +0 pair of gloves
Will     .....                  o - +0 pair of boots
Stlth    +++.......             (no amulet)
HPRegen  0.17/turn              e - ring of protection from cold
MPRegen  0.11/turn              (no ring)

@: no status effects
A: small, no large weapons, nightstalker 3
a: Renounce Religion


You were on level 5 of the Dungeon.
You worshipped Dithmenos.
Dithmenos was noncommittal.
You visited 2 branches of the dungeon, and saw 6 of its levels.

You collected 219 gold pieces.

Inventory:

Hand Weapons
 a - a +1 hand crossbow
 c - a +0 broad axe
 l - a +1 short sword of speed (weapon)
Missiles
 d - 15 bolts
 f - 39 arrows
 h - 8 poisoned darts
Armour
 o - a +0 pair of boots (worn)
 p - a +0 scale mail (worn)
 t - a +0 pair of gloves (worn)
 u - a +0 cloak (worn)
Jewellery
 e - a ring of protection from cold (left hand)
Wands
 m - a wand of digging (5)
 n - a wand of mindburst (1)
 q - a wand of flame (8)
Scrolls
 j - a scroll of teleportation
Potions
 b - a potion of brilliance {unknown}
 g - 2 potions of haste
 i - a potion of might {unknown}
 k - 2 potions of attraction {unknown}
 r - a potion of magic {unknown}
 s - a potion of heal wounds


   Skills:
 + Level 3.9 Fighting
 + Level 1.1 Short Blades
 * Level 10.9 Crossbows
 + Level 2.6 Armour
 + Level 3.0 Dodging
 * Level 5.6 Stealth


You had 8 spell levels left.
You didn't know any spells.
Your spell library contained the following spells:

 Spells                   Type           Power      Damage    Failure   Level
 Corona                   Hex            0%         N/A       93%         1
 Ensorcelled Hibernation  Hex/Ice        0%         N/A       98%         2
 Ozocubu's Armour         Ice            0%         N/A       100%        3
 Tukima's Dance           Hex            0%         N/A       100%        3
 Ozocubu's Refrigeration  Ice            0%         4d5       100%        7


Dungeon Overview and Level Annotations

Branches:
Dungeon (5/15)             Temple (1/1) D:4

Altars:
Ashenzari
Cheibriados
Dithmenos
Elyvilon
Fedhas
Gozag
Hepliaklqana
Kikubaaqudgha
Makhleb
Nemelex Xobeh
Okawaru
Qazlal
Sif Muna
Trog
Uskayaw
Vehumet
Wu Jian
Xom
Yredelemnul
Zin
The Shining One


Innate Abilities, Weirdness & Mutations

You are small and have problems with some larger weapons.
You are completely attuned to the shadows.


Message History

Your hands tingle!
l - a +1 short sword of speed (weapon)
You hit the iguana.
The iguana is moderately wounded.
The iguana bites you.
You hit the iguana but do no damage.
The iguana is moderately wounded.
You barely miss the iguana.
The iguana is moderately wounded.
The iguana barely misses you.
You hit the iguana but do no damage.
The iguana is moderately wounded.
The iguana bites you.
You completely miss the iguana.
The iguana is moderately wounded.
You hit the iguana but do no damage.
The iguana is moderately wounded.
The iguana bites you!
You closely miss the iguana.
The iguana is moderately wounded.
The iguana bites you!
You barely miss the iguana.
The iguana is moderately wounded.
You hit the iguana.
The iguana is heavily wounded.
The iguana bites you!
* * * LOW HITPOINT WARNING * * *
You hit the iguana.
The iguana is severely wounded.
The iguana barely misses you.
You hit the iguana but do no damage.
The iguana is severely wounded.
The iguana bites you!
* * * LOW HITPOINT WARNING * * *
You closely miss the iguana.
The iguana is severely wounded.
Your scale mail prevents you from hitting the iguana.
The iguana is severely wounded.
The iguana bites you!
You die...

..###..###...#.....
#.##..## ##......#.
##....## #.......#
##....###......##
#...###.......# (.
##..###......###.#
##.##.......##(.#
#.....####..#l#
#....## ###@.#
##..## ##.# ##.# ##
###


You could see an iguana.

Vanquished Creatures
  Sigmund (D:5)
  Edmund (D:5)
  2 water moccasins (D:5)
  A necrophage (D:4)
  2 ogres
  A phantom (D:4)
  A scorpion (D:5)
  A water moccasin skeleton (D:4)
  A bullfrog zombie (D:5)
  A hound (D:5)
  A jelly (D:5)
  A bullfrog skeleton (D:4)
  2 orc priests (D:5)
  5 iguanas
  A scorpion zombie (D:4)
  An orc wizard (D:5)
  A hound skeleton (D:4)
  A gnoll (D:1)
  A howler monkey skeleton (D:5)
  4 adders
  A shadow imp (D:5)
  A dart slug (D:2)
  9 orcs
  5 endoplasms
  4 giant cockroaches
  7 goblins
  6 hobgoblins
  3 jackals (D:1)
  4 quokkas
  4 ball pythons
  A bat (D:2)
  3 frilled lizards
  2 kobolds
  5 rats
85 creatures vanquished.

Notes
Turn   | Place    | Note
-------+----------+-------------------------------------------
     0 | D:1      | horus123 the Kobold Hunter began the quest for the Orb.
     0 | D:1      | Reached XP level 1. HP: 12/12 MP: 1/1
   108 | D:1      | Reached skill level 5 in Crossbows
   213 | D:1      | Reached XP level 2. HP: 17/17 MP: 2/2
   415 | D:1      | Reached skill level 6 in Crossbows
   415 | D:1      | Reached XP level 3. HP: 18/21 MP: 3/3
   565 | D:1      | Found a faded altar of an unknown god.
  1153 | D:2      | Reached XP level 4. HP: 26/26 MP: 4/4
  2658 | D:4      | Found a staircase to the Ecumenical Temple.
  2679 | D:4      | Reached skill level 7 in Crossbows
  2679 | D:4      | Reached XP level 5. HP: 18/30 MP: 5/5
  2737 | Temple   | Entered the Ecumenical Temple
  3182 | Temple   | Became a worshipper of Dithmenos the Shadowed
  3293 | D:4      | Reached XP level 6. HP: 26/36 MP: 6/6
  3490 | D:4      | Noticed an ogre
  3497 | D:4      | Killed an ogre
  3498 | D:4      | Reached skill level 8 in Crossbows
  3514 | D:4      | Reached skill level 1 in Armour
  3697 | D:4      | Reached XP level 7. HP: 40/40 MP: 7/7
  4102 | D:4      | Reached skill level 9 in Crossbows
  4305 | D:5      | Entered Level 5 of the Dungeon
  4347 | D:5      | Noticed Sigmund
  4360 | D:5      | Killed Sigmund
  4361 | D:5      | Reached XP level 8. HP: 31/45 MP: 8/8
  4370 | D:5      | HP: 1/46 [ogre (25)]
  4375 | D:5      | Reached skill level 10 in Crossbows
  4780 | D:5      | Noticed Edmund
  4790 | D:5      | Killed Edmund
  4791 | D:5      | Reached skill level 5 in Stealth
  5366 | D:5      | Found Ytruazono's Serpentskin Sales.
  5371 | D:5      | Reached skill level 1 in Short Blades
  5844 | D:5      | Reached XP level 9. HP: 52/52 MP: 9/9
  5992 | D:5      | Mangled by an iguana

Illustrated notes

Levels and vault maps discovered:
D:1:      eino_arrival_tree_alley, layout_basic,
          shapermc_ecumenical_altar_hornbeckon
D:2:      layout_loops_ring
D:3:      layout_loops_cross, roderic_lattice_a
D:4:      layout_loops_ring, minmay_temple_entry_drinking_statues
D:5:      layout_layer_cave, guppyfry_shop_venom, uniq_edmund, uniq_sigmund
Temple:   minmay_crystal_snake_temple

Skill      XL: |  1  2  3  4  5  6  7  8 |
---------------+-------------------------+-----
Crossbows      | 5 6 7 8 9 10 | 10.9
Stealth        | 2 3 4 5 |  5.6
Armour         | 1 2 |  2.6
Fighting       | 3 |  3.9
Short Blades   | 1 |  1.1
Dodging        | 3 |  3.0

Action                   |  1- 3 |  4- 6 |  7- 9 || total
-------------------------+-------+-------+-------++-------
Melee: Short sword       |       |    11 |    45 ||    56
 Fire: Hand crossbow     |    47 |   105 |   127 ||   279
  Use: Scroll            |       |     4 |     2 ||     6
       Potion            |       |     1 |     2 ||     3
Armor: Leather armour    |     1 |     2 |       ||     3
       Scale mail        |       |     9 |    21 ||    30
Dodge: Dodged            |    11 |    32 |    44 ||    87
